 Dungeon Crawl Stone Soup version 0.30-a0-358-g0d69a1922f (webtiles) character file.

Game seed: 2133438616734001582

95 hikkokomori the Vexing (level 4, -4/33 HPs)
             Began as a Barachi Hexslinger on Nov 9, 2022.
             Killed by divine providence
             ... invoked by an orc priest
              (15 damage)
             ... on level 3 of the Dungeon.
             The game lasted 00:04:40 (1949 turns).

hikkokomori the Vexing (Barachi Hexslinger)         Turns: 1949, Time: 00:04:40

Health: -4/33      AC:  5    Str: 11    XL:     4   Next: 65%
Magic:  7/7        EV: 12    Int: 19    God:
Gold:   47         SH:  0    Dex: 15    Spells: 0/7 levels left

rFire   + . .      SeeInvis .    a - +1 sling
rCold   . . .      Faith    .    (no shield)
rNeg    . . .      Spirit   .    i - +2 robe {rF+}
rPois   .          Reflect  .    d - +0 helmet
rElec   .          Harm     .    (no cloak)
rCorr   .          Rampage  .    (no gloves)
Will    .....                    (no boots)
Stlth   +.........               (no amulet)
HPRegen 0.25/turn                h - +6 ring of intelligence
MPRegen 0.10/turn                (no ring)

@: unable to hop, slow
A: amphibious, slowness 1, strong legs 1, +LOS
a: Hop


You were on level 3 of the Dungeon.
You visited 1 branch of the dungeon, and saw 3 of its levels.

You collected 92 gold pieces.
You spent 45 gold pieces at shops.

Inventory:

Hand Weapons
 a - a +1 sling (weapon)
 p - a +0 arbalest
 t - a +1 antimagic short sword
Armour
 c - a +0 robe
 d - a +0 helmet (worn)
 i - a +2 robe of fire resistance (worn)
Magical Staves
 r - a staff of fire
Jewellery
 h - a +6 ring of intelligence (left hand)
Scrolls
 b - a scroll of poison
 e - 2 scrolls of identify
 f - a scroll of acquirement {unknown}
 j - 2 scrolls of enchant armour {unknown}
 k - a scroll of fear {unknown}
 l - a scroll of teleportation {unknown}
 n - 2 scrolls of enchant weapon {unknown}
 q - 2 scrolls of immolation {unknown}
 s - a scroll of summoning {unknown}
 u - a scroll of blinking {unknown}
Potions
 g - a potion of might {unknown}
 m - a potion of heal wounds
 o - 5 potions of degeneration


   Skills:
 - Level 1.7 Fighting
 * Level 3.3 Ranged Weapons
 - Level 2.4 Dodging
 + Level 2.2 Spellcasting
 + Level 4.0 Hexes


You couldn't memorise any spells.
You knew the following spells:

 Your Spells              Type           Power      Damage    Failure   Level
a - Slow                  Hex            68%        N/A       3%          1
b - Inner Flame           Hex/Fire       9%         N/A       22%         3
c - Portal Projectile     Hex/Tloc       18%        N/A       22%         3

Your spell library contained the following spells:

 Spells                   Type           Power      Damage    Failure   Level
 Cause Fear               Hex            8%         N/A       32%         4


Dungeon Overview and Level Annotations

Branches:
Dungeon (3/15)

Altars:

Shops:
D:2 [

Annotations:
D:2 1 runed translucent door, Crazy Yiuf, Sigmund


Innate Abilities, Weirdness & Mutations

You are amphibious.
You cover ground slowly.
You can hop short distances.
You have an extended range of vision and can be seen from far away.


Message History

An orc priest comes into view. It is wielding a +0 mace.
You shoot a sling bullet. The orc priest shouts!
The sling bullet hits the dart slug.
The dart slug is heavily wounded.
You hear a shout!
An orc comes into view. It is wielding a +0 short sword.
You shoot a sling bullet. The sling bullet hits the dart slug!
You kill the dart slug!
Your Hexes skill increases to level 4!
You shoot a sling bullet.
The sling bullet barely misses the orc priest.
The orc priest mumbles some strange prayers to Beogh against you.
Beogh smites you!
The orc priest calls down the wrath of Beogh upon you.
Pain shoots through your body!
You are too injured to fight recklessly!
You are too injured to fight recklessly!
You are too injured to fight recklessly!
You are too injured to fight recklessly!
You are too injured to fight recklessly!
You are too injured to fight recklessly!
You are too injured to fight recklessly!
You are too injured to fight recklessly!
You are too injured to fight recklessly!
You are too injured to fight recklessly!
You are too injured to fight recklessly!
You are too injured to fight recklessly!
You are too injured to fight recklessly!
You are too injured to fight recklessly!
You are too injured to fight recklessly!
You are too injured to fight recklessly!
You are too injured to fight recklessly!
You are too injured to fight recklessly!
Hop to where?
Press: ? - help, Dir - move target, p - orc priest Boing!
The orc priest calls down the wrath of Beogh upon you.
Beogh smites you!
You die...

####
...##...#####
.oo..o.o....#
#○.#.# #.##.#
#.##.# #.@..#
#.#..#######
#.##.......#
#.##.#####.##
#...........#
#.##.##)##..#
...##.##.##..###
######.##.......#
#.##.##..#.#


You could see an orc priest.

Vanquished Creatures
  Natasha (D:2)
  3 adders
  2 worms
  A dart slug (D:3)
  3 endoplasms
  3 giant cockroaches
  2 goblins (D:1)
  2 hobgoblins
  A quokka (D:2)
  4 ball pythons
  3 bats (D:2)
  3 frilled lizards
  9 kobolds
  2 rats
39 creatures vanquished.

Vanquished Creatures (others)
  3 withered plants (D:2)
3 creatures vanquished.

Grand Total: 42 creatures vanquished

Notes
Turn   | Place    | Note
-------+----------+-------------------------------------------
     0 | D:1      | hikkokomori the Barachi Hexslinger began the quest for the
                  | Orb.
     0 | D:1      | Reached XP level 1. HP: 15/15 MP: 2/2
   409 | D:1      | Reached XP level 2. HP: 21/21 MP: 3/3
  1048 | D:2      | Reached XP level 3. HP: 25/27 MP: 5/5
  1533 | D:2      | Reached XP level 4. HP: 27/33 MP: 5/7
  1558 | D:2      | Noticed Natasha
  1570 | D:2      | Found Bydoetopt's Armour Shop.
  1576 | D:2      | Killed Natasha
  1582 | D:2      | Bought a +0 helmet for 45 gold pieces
  1591 | D:2      | Learned a level 3 spell: Inner Flame
  1595 | D:2      | Learned a level 3 spell: Portal Projectile
  1726 | D:2      | Found a faded altar of an unknown god.
  1781 | D:2      | Found a runed translucent door.
  1782 | D:2      | Noticed Crazy Yiuf
  1813 | D:2      | Noticed Sigmund
  1948 | D:3      | Reached skill level 4 in Hexes
  1949 | D:3      | Killed from afar by an orc priest

Illustrated notes

Levels and vault maps discovered:
D:1:      mrwooster_arrival_statue, layout_basic, ebering_dispersal_statue_hall
D:2:      layout_basic, serial_shops, shop, basic_altar, serial_curves,
          eino_curves_02, eino_curves_03, ebering_ecumenical_altar_petrified,
          lightli_corner_chamber, uniq_crazy_yiuf_cottage, uniq_sigmund,
          uniq_natasha
D:3:      layout_loops_ring, lemuel_blue_sif_altar, minitemple,
          mrwooster_statue_mirror, minivault_27

Skill      XL: |  1  2  3  4 |
---------------+-------------+-----
Ranged Weapons | 3 |  3.3
Spellcasting   | 2 |  2.2
Hexes          | 4 |  4.0
Fighting       | |  1.7
Dodging        | |  2.4

Action                   |  1- 3 |  4- 6 || total
-------------------------+-------+-------++-------
 Fire: Sling             |    96 |    42 ||   138
       Arbalest          |    23 |       ||    23
 Cast: Slow              |     5 |     1 ||     6
 Abil: Hop               |     2 |     2 ||     4
  Use: Potion            |     3 |       ||     3
       Scroll            |     1 |       ||     1
Armor: Robe              |    30 |     6 ||    36
Dodge: Dodged            |    83 |    20 ||   103

Table legend: (Time is in decaauts)
 A = Elapsed time spent in this place.
 B = Non-inter-level travel time spent in this place.
 C = Inter-level travel time spent in this place.
 D = Time resting spent in this place.
 E = Time spent auto-exploring this place.
 F = Levels seen in this place.
 G = Mean time per level.
                   A        B        C        D        E       F      G
               +--------+--------+--------+--------+--------+-----+--------+
         Total |   2284 |   2186 |     98 |    163 |   1612 |   3 |  761.3 |
       Dungeon |   2284 |   2186 |     98 |    163 |   1612 |   3 |  761.3 |
               +--------+--------+--------+--------+--------+-----+--------+

Top non-repeatable levels by time:
     D:2: 1093 daAuts
     D:1: 1046 daAuts
     D:3: 143 daAuts
